 Dungeon Crawl Stone Soup version 0.28-a0-312-gbced6e68ee (webtiles) character file.

Game seed: 4095524893110252065

85 Demosthentine the Poker (level 4, -2/35 HPs)
             Began as a Merfolk Gladiator on Aug 30, 2021.
             Killed from afar by Natasha (10 damage)
             ... with a magic dart
             ... on level 3 of the Dungeon.
             The game lasted 00:02:32 (2426 turns).

Demosthentine the Poker (Merfolk Gladiator)         Turns: 2426, Time: 00:02:33

Health: -2/35      AC:  4    Str: 15    XL:     4   Next: 48%
Magic:  4/4        EV: 13    Int:  7    God:
Gold:   110        SH:  0    Dex: 15    Spells: 3/3 levels left

rFire   . . .      SeeInvis .   a - +0 trident
rCold   . . .      Faith    .   (no shield)
rNeg    . . .      Spirit   .   b - +0 leather armour
rPois   .          Reflect  .   c - +0 helmet
rElec   .          Harm     .   (no cloak)
rCorr   .          Rampage  .   (no gloves)
Will    .....                   (no boots)
Stlth   +.........              (no amulet)
HPRegen 0.11/turn               (no ring)
MPRegen 0.09/turn               (no ring)

@: no status effects
A: (nimble swimmer 2), mertail
a: no special abilities


You were on level 3 of the Dungeon.
You visited 1 branch of the dungeon, and saw 3 of its levels.

You collected 110 gold pieces.

Inventory:

Hand Weapons
 a - a +0 trident (weapon)
Missiles
 d - 3 throwing nets (quivered)
Armour
 b - a +0 leather armour (worn)
 c - a +0 helmet (worn)
Wands
 g - a wand of polymorph (3)
 k - a wand of iceblast (2)
Scrolls
 h - a scroll of amnesia
 i - a scroll of enchant weapon {unknown}
Potions
 f - a potion of cancellation {unknown}
 j - a potion of haste {unknown}
 l - 2 potions of mutation {unknown}


   Skills:
 + Level 3.1 Fighting
 + Level 5.3 Polearms
 - Level 2.0 Throwing
 + Level 1.1 Armour
 + Level 4.9 Dodging


You had 3 spell levels left.
You didn't know any spells.
Your spell library contained the following spells:

 Spells                   Type           Power      Damage    Failure   Level
 Sandblast                Erth           0%         2d4       50%         1
 Passwall                 Tmut/Erth      0%         N/A       65%         2
 Lee's Rapid Deconstruct  Erth           0%         3d5*      100%        5


Dungeon Overview and Level Annotations

Branches:
Dungeon (3/15)

Altars:

Shops:
D:1 =

Annotations:
D:3 Natasha


Innate Abilities, Weirdness & Mutations

((You are quick and stealthy near water. (Stealth+, EV+, Speed+++)))
Your lower body shifts to a powerful aquatic tail in water.


Message History

Natasha hisses angrily.
Natasha casts a spell at you. The magic dart hits you.
* * * LOW HITPOINT WARNING * * *
You feel better.
You barely miss Natasha. Natasha closely misses you.
You closely miss Natasha. Natasha claws you.
You closely miss Natasha. Natasha barely misses you.
You barely miss Natasha. Natasha claws you but does no damage.
You barely miss Natasha. Natasha claws you.
You puncture Natasha!
Natasha is heavily wounded.
Natasha casts a spell at you. The magic dart hits you!
* * * LOW HITPOINT WARNING * * *
You hit Natasha.
Natasha is almost dead.
Natasha claws you.
* * * LOW HITPOINT WARNING * * *
You hit Natasha but do no damage.
Natasha is almost dead.
Natasha casts a spell at you. The magic dart hits you.
* * * LOW HITPOINT WARNING * * *
Unknown command.
You feel better. Natasha barely misses you.
Okay, then.
Unknown command.
You closely miss Natasha.
Natasha is almost dead.
Natasha casts a spell at you. You resist with some effort.
You closely miss Natasha.
Natasha is almost dead.
Natasha closely misses you.
You closely miss Natasha.
Natasha is almost dead.
Natasha stares at you and mumbles some strange words.
The magic dart hits you!
You die...

.......... #. ...>. ##.##.####
#.####..... #.# #.. ... ... ##.#
# #..##.##..## ...#
####.#.##...##..########### .####
.....#.#..#..#.............
..#)######...#.#)#.#.............
.#.....#.#.#..).#h...............
#####.#..#...#)#@#.#............^
..#.####.#...#..#..#.............
.#.....#.#...##...##.....).......
.####.#..#....##.##....).........
..#)######.......................
.#.)...#.##...#...##.............
#####.#..#...............########
####.#.#############.# #<..# ..#


You could see Natasha.

Vanquished Creatures
  3 adders (D:2)
  2 dart slugs (D:1)
  5 orcs (D:3)
  7 ball pythons
  4 endoplasms
  3 giant cockroaches
  A goblin (D:3)
  3 hobgoblins
  4 kobolds
  3 quokkas
  5 bats
  3 frilled lizards
  4 rats
47 creatures vanquished.

Vanquished Creatures (others)
  A ball python (D:1)
  2 goblins (D:3)
3 creatures vanquished.

Grand Total: 50 creatures vanquished

Notes
Turn   | Place    | Note
-------+----------+-------------------------------------------
     0 | D:1      | Demosthentine the Merfolk Gladiator began the quest for the
                  | Orb.
     0 | D:1      | Reached XP level 1. HP: 16/16 MP: 1/1
    45 | D:1      | Found Plog's Jewellery Emporium.
   107 | D:1      | Reached XP level 2. HP: 23/23 MP: 2/2
   512 | D:1      | Reached XP level 3. HP: 24/28 MP: 3/3
  1273 | D:2      | Reached skill level 5 in Polearms
  1273 | D:2      | Reached skill level 1 in Armour
  1303 | D:2      | Reached XP level 4. HP: 19/35 MP: 4/4
  2406 | D:3      | Noticed Natasha
  2422 | D:3      | HP: 1/35 [Natasha/magic dart (3)]
  2426 | D:3      | Killed from afar by Natasha

Illustrated notes

Levels and vault maps discovered:
D:1:      lemuel_arrival_lava_pool, layout_loops_ring, serial_shops,
          nicolae_shop_temple_entry_statues_fountains
D:2:      layout_basic, serial_co_window_serial, co_window_paths_b,
          co_window_paths_a, co_window_corner_a, co_window_cross_1,
          co_window_paths_a, co_window_corner_a, co_window_paths_b,
          co_window_of_opportunity_c, co_window_2corner, co_window_corner_ca,
          glass_columns_c, glass_columns_b, glass_columns_c
D:3:      minmay_angry_zag, layout_basic, hellmonk_ecumenical_altar_dog_temple,
          minmay_box_of_dots, uniq_natasha, uniq_sigmund

Skill      XL: |  1  2  3 |
---------------+----------+-----
Polearms       | 5 |  5.3
Armour         | 1 |  1.1
Fighting       | 3 |  3.1
Throwing       | |  2.0
Dodging        | |  4.9

Action                   |  1- 3 |  4- 6 || total
-------------------------+-------+-------++-------
Melee: Trident           |   107 |    69 ||   176
  Use: Scroll            |     3 |       ||     3
       Potion            |     1 |     2 ||     3
 Stab: Sleeping          |     1 |     1 ||     2
Armor: Leather armour    |    28 |     9 ||    37
Dodge: Dodged            |    58 |    39 ||    97

Table legend: (Time is in decaauts)
 A = Elapsed time spent in this place.
 B = Non-inter-level travel time spent in this place.
 C = Inter-level travel time spent in this place.
 D = Time resting spent in this place.
 E = Time spent auto-exploring this place.
 F = Levels seen in this place.
 G = Mean time per level.
                   A        B        C        D        E       F      G
               +--------+--------+--------+--------+--------+-----+--------+
         Total |   2435 |   2366 |     69 |      0 |   1995 |   3 |  811.7 |
       Dungeon |   2435 |   2366 |     69 |      0 |   1995 |   3 |  811.7 |
               +--------+--------+--------+--------+--------+-----+--------+

Top non-repeatable levels by time:
     D:2: 1272 daAuts
     D:1: 749 daAuts
     D:3: 413 daAuts
